General information
- name: BNet
- type: Ladder team game (AT/RT)
- host: Battle.net
- saver: bo_schembechler
map: Highperch
- players: 6
- length: 65:20
- speed: Fast
- version: 1.21 W3XP
- replay type: Public
» download(299 KB)
Players
team 1 (winner)
bo_schembechler (
pink | 44 APM | 2858 actions | 65:20)
6 Blood Mage
3 Flame Strike
2 Siphon Mana
1 Summon Phoenix
3 Paladin
2 Holy Light
1 Divine Shield
4 Mountain King
2 Storm Bolt
2 Bash
» actions
| Assign group hotkey | 23 | |
| Basic commands | 53 | |
| Build / train | 123 | |
| ESC pressed | 2 | |
| Enter build submenu | 39 | |
| Enter hero's abilities submenu | 14 | |
| Give item / drop item | 4 | |
| Remove unit from queue | 1 | |
| Right click | 756 | |
| Select / deselect | 467 | |
| Select group hotkey | 1007 | |
| Use ability | 369 | |
2858 total
» units
| Peasant | 19 | |
| Dragonhawk Rider | 23 | |
42 total
» upgrades
| Masonry | 3 | |
| Magic Sentry | 1 | |
| Lumber Harvesting | 1 | |
| Cloud | 1 | |
| Armor | 3 | |
| Swords | 3 | |
| Animal War Training | 1 | |
13 total
» buildings
| Lumber Mill | 1 | |
| Altar of Kings | 1 | |
| Farm | 19 | |
| Scout Tower | 55 | |
| Arcane Tower | 7 | |
| Guard Tower | 19 | |
| Keep | 1 | |
| Arcane Sanctum | 1 | |
| Gryphon Aviary | 1 | |
| Arcane Vault | 1 | |
| Town Hall | 1 | |
| Castle | 1 | |
| Barracks | 1 | |
| Blacksmith | 1 | |
110 total
» build order
00:15 Lumber Mill
00:18 Altar of Kings
00:20 Farm
00:48 Scout Tower
00:49 Scout Tower
01:16 Arcane Tower
01:34 Scout Tower
01:42 Guard Tower
01:46 Scout Tower
01:51 Scout Tower
01:58 Scout Tower
01:59 Scout Tower
02:09 Farm
02:17 Guard Tower
02:44 Guard Tower
02:51 Scout Tower
02:54 Scout Tower
03:08 Guard Tower
03:10 Scout Tower
03:12 Scout Tower
03:18 Scout Tower
03:31 Arcane Tower
04:01 Guard Tower
04:28 Guard Tower
04:53 Keep
05:02 Scout Tower
05:03 Scout Tower
05:04 Scout Tower
05:05 Scout Tower
05:14 Scout Tower
05:15 Scout Tower
05:36 Guard Tower
05:42 Farm
05:43 Farm
05:50 Scout Tower
05:51 Guard Tower
05:54 Scout Tower
05:54 Scout Tower
05:55 Scout Tower
05:57 Scout Tower
05:58 Scout Tower
05:59 Scout Tower
06:00 Scout Tower
06:02 Scout Tower
06:56 Farm
06:58 Farm
07:00 Farm
07:05 Guard Tower
08:45 Arcane Sanctum
08:50 Gryphon Aviary
08:53 Guard Tower
10:31 Arcane Vault
10:39 Guard Tower
12:04 Town Hall
12:21 Scout Tower
12:23 Scout Tower
12:27 Scout Tower
12:28 Scout Tower
12:37 Scout Tower
12:37 Scout Tower
12:38 Scout Tower
12:39 Scout Tower
13:38 Guard Tower
13:56 Guard Tower
14:15 Guard Tower
16:01 Castle
16:05 Guard Tower
16:15 Guard Tower
16:42 Barracks
16:45 Blacksmith
19:52 Guard Tower
22:53 Scout Tower
22:54 Scout Tower
22:55 Scout Tower
22:55 Scout Tower
22:56 Scout Tower
22:57 Scout Tower
22:59 Scout Tower
25:12 Guard Tower
29:32 Scout Tower
29:32 Scout Tower
29:33 Scout Tower
32:34 Guard Tower
42:13 Farm
42:13 Farm
42:13 Farm
42:14 Farm
42:14 Farm
42:14 Farm
42:15 Farm
42:16 Farm
42:17 Farm
42:18 Farm
42:19 Farm
42:20 Farm
46:20 Scout Tower
46:20 Scout Tower
46:21 Scout Tower
46:22 Scout Tower
46:22 Scout Tower
46:24 Scout Tower
46:25 Scout Tower
46:25 Scout Tower
46:25 Scout Tower
46:25 Scout Tower
47:56 Arcane Tower
48:42 Arcane Tower
49:26 Arcane Tower
49:59 Arcane Tower
59:29 Arcane Tower
» items
| Healing Salve | 2 | |
| Lesser Clarity Potion | 2 | |
| Orb of Lightning | 3 | |
| Staff of Teleportation | 3 | |
| Circlet of Nobility | 1 | |
| Potion of Invisibility | 1 | |
| Periapt of Vitality | 3 | |
| Boots of Speed | 2 | |
| Staff of Sanctuary | 3 | |
| Scroll of Town Portal | 1 | |
21 total
Jimbosaurus (
blue | 40 APM | 2631 actions | 65:19)
7 Archmage
3 Blizzard
3 Brilliance Aura
1 Mass Teleport
5 Mountain King
3 Storm Bolt
2 Bash
» actions
| Assign group hotkey | 11 | |
| Basic commands | 122 | |
| Build / train | 106 | |
| Enter build submenu | 42 | |
| Enter hero's abilities submenu | 12 | |
| Give item / drop item | 2 | |
| Remove unit from queue | 18 | |
| Right click | 942 | |
| Select / deselect | 277 | |
| Select group hotkey | 852 | |
| Use ability | 247 | |
2631 total
» units
| Peasant | 16 | |
| Priest | 1 | |
| Sorceress | 1 | |
| Dragonhawk Rider | 3 | |
21 total
» upgrades
| Masonry | 3 | |
| Lumber Harvesting | 2 | |
| Magic Sentry | 1 | |
| Priest Training | 2 | |
| Sorceress Training | 2 | |
| Swords | 3 | |
| Cloud | 1 | |
| Armor | 3 | |
| Animal War Training | 1 | |
18 total
» buildings
| Altar of Kings | 1 | |
| Farm | 12 | |
| Lumber Mill | 2 | |
| Scout Tower | 38 | |
| Arcane Tower | 5 | |
| Guard Tower | 14 | |
| Keep | 1 | |
| Arcane Sanctum | 1 | |
| Gryphon Aviary | 2 | |
| Arcane Vault | 2 | |
| Blacksmith | 1 | |
| Town Hall | 1 | |
| Castle | 1 | |
| Barracks | 1 | |
82 total
» build order
00:08 Altar of Kings
00:13 Farm
00:42 Lumber Mill
00:59 Scout Tower
01:01 Scout Tower
01:02 Scout Tower
01:28 Arcane Tower
01:37 Scout Tower
01:39 Scout Tower
01:43 Scout Tower
02:03 Guard Tower
02:21 Guard Tower
02:25 Scout Tower
02:38 Farm
02:46 Scout Tower
02:51 Scout Tower
02:53 Guard Tower
03:07 Scout Tower
03:09 Scout Tower
03:22 Scout Tower
03:44 Guard Tower
04:16 Scout Tower
04:41 Scout Tower
04:42 Scout Tower
04:43 Scout Tower
04:54 Scout Tower
04:59 Arcane Tower
05:12 Guard Tower
05:25 Guard Tower
05:38 Scout Tower
06:08 Guard Tower
06:26 Scout Tower
06:27 Scout Tower
06:31 Scout Tower
06:32 Scout Tower
06:32 Scout Tower
07:23 Guard Tower
07:26 Arcane Tower
07:51 Guard Tower
07:57 Keep
08:02 Scout Tower
08:03 Scout Tower
08:04 Scout Tower
08:22 Farm
08:23 Farm
08:33 Scout Tower
09:02 Arcane Tower
09:07 Scout Tower
10:14 Guard Tower
10:17 Scout Tower
10:18 Scout Tower
10:19 Scout Tower
10:34 Arcane Tower
10:38 Arcane Sanctum
10:43 Gryphon Aviary
10:53 Gryphon Aviary
10:59 Scout Tower
11:00 Scout Tower
11:01 Scout Tower
11:02 Scout Tower
11:04 Scout Tower
11:06 Scout Tower
11:08 Scout Tower
11:53 Guard Tower
12:09 Farm
12:16 Farm
12:17 Farm
12:25 Farm
12:26 Farm
12:32 Arcane Vault
12:43 Blacksmith
12:45 Guard Tower
13:18 Town Hall
13:44 Guard Tower
14:00 Farm
14:01 Farm
14:02 Farm
15:42 Castle
15:49 Guard Tower
16:45 Lumber Mill
17:49 Arcane Vault
23:39 Barracks
» items
| Potion of Healing | 2 | |
| Healing Salve | 1 | |
| Periapt of Vitality | 1 | |
| Circlet of Nobility | 2 | |
| Boots of Speed | 2 | |
| Staff of Teleportation | 2 | |
| Orb of Lightning | 3 | |
| Staff of Sanctuary | 1 | |
14 total
peeon.you (
green | 56 APM | 3645 actions | 65:19)
7 Blademaster
3 Wind Walk
3 Critical Strike
1 Bladestorm
2 Goblin Tinker
1 Pocket Factory
1 Engineering Upgrade
» actions
| Assign group hotkey | 337 | |
| Basic commands | 105 | |
| Build / train | 87 | |
| Enter build submenu | 15 | |
| Enter hero's abilities submenu | 9 | |
| Give item / drop item | 4 | |
| Right click | 1403 | |
| Select / deselect | 464 | |
| Select group hotkey | 988 | |
| Use ability | 233 | |
3645 total
» units
| Peon | 10 | |
| Troll Batrider | 47 | |
| Troll Witch Doctor | 1 | |
58 total
» upgrades
| Ranged Weapons | 3 | |
| Liquid Fire | 1 | |
| Reinforced Defenses | 1 | |
| Witch Doctor Training | 1 | |
6 total
» buildings
| Altar of Storms | 1 | |
| Orc Burrow | 4 | |
| Voodoo Lounge | 2 | |
| War Mill | 1 | |
| Stronghold | 1 | |
| Watch Tower | 2 | |
| Beastiary | 2 | |
| Fortress | 1 | |
| Spirit Lodge | 1 | |
15 total
» build order
00:06 Altar of Storms
00:09 Orc Burrow
01:55 Orc Burrow
02:13 Voodoo Lounge
02:21 War Mill
03:56 Voodoo Lounge
04:14 Stronghold
04:30 Watch Tower
05:36 Watch Tower
06:23 Orc Burrow
06:45 Beastiary
07:23 Fortress
08:23 Beastiary
09:32 Orc Burrow
16:04 Spirit Lodge
» items
| Healing Salve | 2 | |
| Lesser Clarity Potion | 2 | |
| Staff of Teleportation | 2 | |
| Boots of Speed | 1 | |
| Orb of Lightning | 1 | |
| Periapt of Vitality | 1 | |
| Tiny Great Hall | 1 | |
10 total
team 2 (loser)
2v2us (
purple | 74 APM | 3180 actions | 42:54)
3 Blood Mage
2 Flame Strike
1 Siphon Mana
1 Pandaren Brewmaster
1 Breath of Fire
» actions
| Assign group hotkey | 245 | |
| Basic commands | 74 | |
| Build / train | 135 | |
| Enter build submenu | 99 | |
| Enter hero's abilities submenu | 4 | |
| Give item / drop item | 5 | |
| Remove unit from queue | 1 | |
| Right click | 921 | |
| Select / deselect | 531 | |
| Select group hotkey | 887 | |
| Use ability | 278 | |
3180 total
» units
| Peasant | 23 | |
| Flying Machine | 10 | |
| Mortar Team | 1 | |
| Siege Engine | 6 | |
| Spell Breaker | 5 | |
45 total
» upgrades
| Masonry | 3 | |
| Lumber Harvesting | 2 | |
| Magic Sentry | 1 | |
| Gunpowder | 3 | |
| Plating | 3 | |
| Flak Cannons | 1 | |
| Flying Machine Bombs | 1 | |
| Fragmentation Shards | 1 | |
| Flare | 1 | |
| Barrage | 1 | |
17 total
» buildings
| Farm | 8 | |
| Lumber Mill | 1 | |
| Altar of Kings | 1 | |
| Scout Tower | 110 | |
| Arcane Tower | 10 | |
| Guard Tower | 23 | |
| Arcane Vault | 1 | |
| Town Hall | 1 | |
| Keep | 1 | |
| Blacksmith | 1 | |
| Arcane Sanctum | 2 | |
| Workshop | 2 | |
| Castle | 3 | |
164 total
» build order
00:13 Farm
00:23 Lumber Mill
00:37 Farm
01:17 Altar of Kings
01:46 Scout Tower
01:51 Scout Tower
02:22 Arcane Tower
02:48 Scout Tower
02:49 Scout Tower
02:49 Scout Tower
02:50 Scout Tower
02:51 Scout Tower
03:22 Arcane Tower
03:22 Arcane Tower
03:22 Arcane Tower
03:23 Arcane Tower
03:32 Guard Tower
03:36 Guard Tower
04:09 Arcane Vault
04:58 Town Hall
05:02 Scout Tower
05:02 Scout Tower
05:35 Arcane Tower
05:47 Keep
06:44 Scout Tower
06:45 Scout Tower
06:46 Scout Tower
07:17 Guard Tower
07:37 Scout Tower
07:37 Scout Tower
07:38 Scout Tower
07:39 Scout Tower
07:39 Scout Tower
07:39 Scout Tower
07:40 Scout Tower
07:40 Scout Tower
07:55 Scout Tower
07:55 Scout Tower
07:59 Blacksmith
08:41 Arcane Sanctum
08:43 Guard Tower
09:37 Arcane Tower
09:38 Guard Tower
09:41 Scout Tower
09:41 Scout Tower
09:42 Scout Tower
09:42 Scout Tower
10:05 Guard Tower
10:09 Workshop
10:13 Workshop
10:15 Scout Tower
10:17 Scout Tower
10:17 Scout Tower
10:35 Castle
10:36 Castle
10:36 Castle
11:05 Guard Tower
11:14 Guard Tower
12:04 Guard Tower
14:05 Farm
14:06 Farm
14:26 Farm
14:28 Farm
14:50 Farm
16:04 Farm
16:26 Scout Tower
16:27 Scout Tower
16:27 Scout Tower
16:28 Scout Tower
16:28 Scout Tower
16:29 Scout Tower
16:30 Scout Tower
16:30 Scout Tower
16:31 Scout Tower
16:31 Scout Tower
16:31 Scout Tower
16:32 Scout Tower
16:33 Scout Tower
16:36 Scout Tower
16:36 Scout Tower
16:37 Scout Tower
16:37 Scout Tower
16:38 Scout Tower
16:38 Scout Tower
16:39 Scout Tower
16:40 Scout Tower
16:40 Scout Tower
17:38 Guard Tower
18:28 Arcane Tower
18:29 Guard Tower
18:47 Guard Tower
18:58 Arcane Sanctum
19:41 Guard Tower
20:03 Scout Tower
20:04 Scout Tower
20:04 Scout Tower
20:04 Scout Tower
20:05 Scout Tower
20:08 Scout Tower
20:08 Scout Tower
20:09 Scout Tower
20:09 Scout Tower
20:10 Scout Tower
20:10 Scout Tower
20:11 Scout Tower
20:11 Scout Tower
20:11 Scout Tower
25:27 Guard Tower
30:29 Scout Tower
30:29 Scout Tower
30:30 Scout Tower
30:30 Scout Tower
30:31 Scout Tower
30:31 Scout Tower
30:37 Scout Tower
30:38 Scout Tower
30:40 Scout Tower
30:41 Scout Tower
31:07 Guard Tower
31:20 Guard Tower
31:30 Scout Tower
31:31 Scout Tower
31:32 Scout Tower
31:33 Scout Tower
31:34 Scout Tower
31:39 Scout Tower
31:42 Scout Tower
31:43 Scout Tower
31:44 Scout Tower
31:45 Scout Tower
31:50 Scout Tower
32:17 Scout Tower
32:18 Guard Tower
32:53 Guard Tower
33:09 Scout Tower
33:10 Scout Tower
33:14 Scout Tower
33:16 Scout Tower
33:18 Scout Tower
33:20 Scout Tower
33:23 Scout Tower
33:28 Scout Tower
33:29 Scout Tower
34:06 Guard Tower
34:10 Guard Tower
34:32 Scout Tower
34:33 Scout Tower
35:02 Guard Tower
35:22 Guard Tower
36:57 Scout Tower
36:59 Scout Tower
37:07 Scout Tower
37:13 Scout Tower
37:17 Scout Tower
37:23 Scout Tower
37:42 Guard Tower
37:44 Scout Tower
38:16 Scout Tower
38:17 Scout Tower
38:19 Scout Tower
38:36 Arcane Tower
38:57 Arcane Tower
» items
| Healing Salve | 1 | |
| Potion of Healing | 3 | |
| Scroll of Town Portal | 5 | |
| Staff of Sanctuary | 2 | |
| Orb of Fire | 1 | |
| Boots of Speed | 1 | |
| Scroll of Regeneration | 1 | |
| Lesser Clarity Potion | 7 | |
| Potion of Invisibility | 1 | |
| Potion of Lesser Invulnerability | 1 | |
23 total
KOREAF1GHTING (
orange | 60 APM | 3936 actions | 65:19)
3 Blademaster
2 Wind Walk
1 Critical Strike
» actions
| Assign group hotkey | 800 | |
| Basic commands | 185 | |
| Build / train | 60 | |
| ESC pressed | 3 | |
| Enter build submenu | 15 | |
| Enter hero's abilities submenu | 3 | |
| Give item / drop item | 1 | |
| Right click | 1433 | |
| Select / deselect | 550 | |
| Select group hotkey | 814 | |
| Use ability | 72 | |
3936 total
» units
» upgrades
| Envenomed Spears | 1 | |
| Ranged Weapons | 2 | |
| Armor | 3 | |
6 total
» buildings
| Altar of Storms | 1 | |
| Orc Burrow | 6 | |
| War Mill | 1 | |
| Stronghold | 3 | |
| Watch Tower | 5 | |
| Voodoo Lounge | 1 | |
| Beastiary | 2 | |
| Great Hall | 1 | |
| Fortress | 1 | |
21 total
» build order
00:04 Altar of Storms
00:17 Orc Burrow
00:50 War Mill
02:01 Stronghold
02:02 Stronghold
02:31 Watch Tower
02:35 Orc Burrow
03:13 Voodoo Lounge
04:09 Orc Burrow
04:32 Beastiary
04:36 Beastiary
04:47 Orc Burrow
06:12 Great Hall
06:19 Fortress
13:40 Watch Tower
13:41 Watch Tower
13:42 Watch Tower
13:43 Watch Tower
16:13 Orc Burrow
16:15 Orc Burrow
» items
| Lesser Clarity Potion | 4 | |
| Healing Salve | 1 | |
| Orb of Lightning | 1 | |
| Staff of Teleportation | 2 | |
8 total
morepractice (
yellow | 28 APM | 1612 actions | 57:42)
4 Warden
1 Shadow Strike
2 Fan of Knives
1 Blink
» actions
| Assign group hotkey | 26 | |
| Basic commands | 17 | |
| Build / train | 84 | |
| Enter build submenu | 55 | |
| Enter hero's abilities submenu | 5 | |
| Give item / drop item | 2 | |
| Remove unit from queue | 1 | |
| Right click | 732 | |
| Select / deselect | 468 | |
| Select group hotkey | 81 | |
| Use ability | 141 | |
1612 total
» units
| Wisp | 34 | |
| Archer | 5 | |
| Druid of the Claw | 2 | |
| Hippogryph | 16 | |
57 total
» upgrades
| Druid of the Claw Training | 2 | |
| Mark of the Claw | 1 | |
| Strength of the Wild | 2 | |
| Reinforced Hides | 3 | |
| Nature's Blessing | 1 | |
9 total
» buildings
| Altar of Elders | 1 | |
| Moon Well | 11 | |
| Ancient of War | 1 | |
| Hunter's Hall | 1 | |
| Tree of Ages | 3 | |
| Ancient Protector | 36 | |
| Ancient of Lore | 2 | |
| Tree of Eternity | 1 | |
| Ancient of Wind | 3 | |
59 total
» build order
00:11 Altar of Elders
00:20 Moon Well
00:46 Ancient of War
02:06 Hunter's Hall
02:15 Moon Well
03:03 Moon Well
04:07 Tree of Ages
04:07 Tree of Ages
04:47 Ancient Protector
04:49 Ancient Protector
05:07 Ancient Protector
05:10 Ancient Protector
06:38 Ancient of Lore
06:39 Ancient of Lore
07:49 Tree of Eternity
08:50 Moon Well
11:18 Ancient of Wind
11:19 Ancient of Wind
14:08 Moon Well
14:09 Moon Well
14:13 Moon Well
16:54 Ancient Protector
16:56 Ancient Protector
16:59 Ancient Protector
17:02 Ancient Protector
19:33 Ancient Protector
19:34 Ancient Protector
19:36 Ancient Protector
20:30 Ancient Protector
20:32 Ancient Protector
20:34 Ancient Protector
20:37 Ancient Protector
20:40 Ancient Protector
20:51 Ancient Protector
21:47 Ancient Protector
21:56 Ancient Protector
21:58 Ancient Protector
22:29 Ancient Protector
22:30 Ancient Protector
22:33 Ancient Protector
22:35 Ancient Protector
22:38 Ancient Protector
22:40 Ancient Protector
22:43 Ancient Protector
22:46 Ancient Protector
24:37 Ancient Protector
24:57 Ancient Protector
26:48 Ancient Protector
26:49 Ancient Protector
26:55 Ancient Protector
26:58 Ancient Protector
27:00 Ancient Protector
27:02 Ancient Protector
28:52 Tree of Ages
31:25 Moon Well
31:30 Moon Well
33:05 Moon Well
33:06 Moon Well
34:44 Ancient of Wind
» items
| Lesser Clarity Potion | 1 | |
| Potion of Mana | 1 | |
| Tiny Great Hall | 2 | |
| Orb of Lightning | 1 | |
| Potion of Healing | 1 | |
| Scroll of Town Portal | 1 | |
| Scroll of Speed | 1 | |
8 total
Chat log
(26:08 / All) KOREAF1GHTING: afk
(26:11 / All) KOREAF1GHTING: be back tomorrow
(34:27 / All) KOREAF1GHTING: whats the plan guys?
(34:33 / All) KOREAF1GHTING: i just got back from my dinner break
(35:05 / All) morepractice: talk some shit u fucking gooks
(35:18 / All) morepractice: mad that we outtowered u?
(35:30 / All) peeon.you: P.S we perch too.
(35:38 / All) morepractice: too bad u cant
(37:45 / All) morepractice: rofl
(37:51 / All) morepractice: like our nest?
(37:52 / All) Jimbosaurus: what a shitty perch
(37:57 / All) 2v2us: PEARCH?
(38:04 / All) morepractice: church?
(41:18 / All) KOREAF1GHTING: we have a secret base somewhere
(41:20 / All) KOREAF1GHTING: but i wont say where!
(41:37 / All) KOREAF1GHTING: it has infinite gold
(41:40 / All) KOREAF1GHTING: and infinite health
(41:45 / All) KOREAF1GHTING: and it's really high up
(41:50 / All) 2v2us: LIKE A PEARCH
(41:52 / All) 2v2us: A HIGH.. PEARCH
(41:53 / All) KOREAF1GHTING: too difficult for your heroes to reach
(41:59 / All) KOREAF1GHTING: maybe if you had a warden
(42:01 / All) KOREAF1GHTING: it would do the trick
(42:27 / All) peeon.you: lolwarden
(42:54 / All) peeon.you: to bad we got gamegenie :(
(43:01 / All) KOREAF1GHTING: whats that do?
(43:19 / All) morepractice: old school
(51:40 / All) morepractice: done thinking yet?
(54:49 / All) peeon.you: P.S 5 different ways to climb !
(56:42 / All) peeon.you: You guys BLOW at perching :(
(56:46 / All) bo_schembechler: You guys are bad.
(56:56 / All) morepractice: they are afk lol
(57:23 / All) Jimbosaurus: Can't stop a true Mountaineer
(57:24 / All) bo_schembechler: How do you lose a perch anyway?
(57:36 / All) morepractice: do people whove done it too?
(57:40 / All) morepractice: to*
(64:57 / All) Jimbosaurus: Worst perch ever